 Dungeon Crawl Stone Soup version 0.18.1-5-g4a78601 (webtiles) character file.

592 varam the Insei (level 7, -3/48 HPs)
             Began as a Merfolk Transmuter on May 10, 2016.
             Was an Initiate of Okawaru.
             Shot with an arrow by a centaur (15 damage)
             ... on level 5 of the Dungeon.
             The game lasted 00:14:40 (4938 turns).

varam the Insei (Merfolk Transmuter)                Turns: 4938, Time: 00:14:41

Health: -3/48      AC:  2    Str: 11    XL:     7   Next: 39%
Magic:  3/11       EV: 21    Int: 14    God:    Okawaru [......]
Gold:   196        SH:  0    Dex: 19    Spells: 3 memorised, 6 levels left

rFire  . . .     SeeInvis .       - Unarmed
rCold  . . .     Gourm    .     (armour currently unavailable)
rNeg   . . .     Faith    .     (shield currently unavailable)
rPois  x         Spirit   .     (helmet currently unavailable)
rElec  .         Dismiss  .     (cloak currently unavailable)
rCorr  .         Reflect  .     (gloves currently unavailable)
SustAt .         Harm     .     (boots currently unavailable)
MR     .....                    (no amulet)
Stlth  ++........               (no ring)
                                (no ring)

@: spider-form, very slightly contaminated, not resistant to hostile
enchantments, unstealthy
A: (change form in water), (swift swim)
a: End Transformation, Renounce Religion


You were on level 5 of the Dungeon.
You worshipped Okawaru.
Okawaru was noncommittal.
You were not hungry.
You were a venomous arachnid creature.
You visited 1 branch of the dungeon, and saw 5 of its levels.

You collected 196 gold pieces.

Inventory:

Hand Weapons
 h - a +3 spear
 w - the +9 short sword of Kikyodgh (melded) {venom, +Fly rPois rC+}
   (You found it on level 5 of the Dungeon)

   It poisons the flesh of those it strikes.
   It protects you from cold.
   It protects you from poison.
   It lets you fly.
Missiles
 a - 50 arrows
Armour
 b - a +0 robe (melded)
 f - a +0 pair of gloves (melded)
 l - a +0 cloak (melded)
 p - a +0 buckler
Scrolls
 d - a scroll of amnesia {unknown}
 e - a scroll of random uselessness {unknown}
 i - 2 scrolls of remove curse
 o - a scroll of magic mapping
 r - a scroll of noise
 s - a scroll of teleportation
 v - 2 scrolls of enchant armour {unknown}
Potions
 m - a potion of curing
 n - a potion of heal wounds {unknown}
 q - a potion of brilliance
 t - a potion of degeneration {unknown}
 u - a potion of magic {unknown}
Books
 c - a book of Changes

   Spells                             Type                      Level
   a - Beastly Appendage              Transmutation                1
   b - Sticks to Snakes               Transmutation                2
   c - Spider Form                    Transmutation/Poison         3
   d - Ice Form                       Ice/Transmutation            4
   e - Blade Hands                    Transmutation                5
Comestibles
 g - a royal jelly
 k - 5 fruits


   Skills:
 - Level 1.1 Fighting
 - Level 2.6 Dodging
 + Level 7.7 Unarmed Combat
 - Level 3.0 Spellcasting
 - Level 4.0 Transmutations
 - Level 2.5 Poison Magic


You had 6 spell levels left.
You knew the following spells:

 Your Spells              Type           Power        Failure   Level  Hunger
a - Beastly Appendage     Trmt           ##....       14%         1    #......
b - Spider Form           Trmt/Pois      ##........   36%         3    ###....
c - Sticks to Snakes      Trmt           ##......     24%         2    ##.....


Dungeon Overview and Level Annotations

Branches:
Dungeon (5/15)
 Temple: D:4-7

Altars:
Dithmenos
Fedhas
Okawaru
Pakellas
Trog
Vehumet

Shops:
D:5 (

Annotations:
D:3 exclusion: oklob plant


Message History

You create a snake!
You now have 50 arrows.
The centaur shoots an arrow.
The arrow closely misses you. The arrow hits your ball python!
Your ball python dies!
Casting: Sticks to Snakes
Confirm with . or Enter, or press ? or * to list all spells.
You miscast Spider Form.
You are very lightly contaminated with residual magic.
Strange energies run through your body.
The centaur shoots an arrow.
The arrow hits you!
* * * LOW HITPOINT WARNING * * *
Casting: Spider Form
Confirm with . or Enter, or press ? or * to list all spells.
You turn into a venomous arachnid creature.
The +9 short sword of Kikyodgh {venom, +Fly rPois rC+} melds into your body.
Your +0 cloak melds into your body.
Your +0 pair of gloves melds into your body.
Your +0 robe melds into your body.
The +9 short sword of Kikyodgh {venom, +Fly rPois rC+} stops dripping with poison.
The centaur shoots an arrow.
The arrow hits you!
You die...

#####..#.#.#.#.<.......#
# #..........###.....# #
##.#.#.#.#.........# #
#.........###.....# #
#.#.#.#.#.# #.....# #
#.........#####<###
#.#.#.#.#..# #..
#..........# .##
##....s...§# #######c§##
#§## #§# #§# #§# #.# #.#
#.#


You could see a centaur.

Vanquished Creatures
  Duvessa (D:4)
  Dowan (D:4)
  A jelly (D:4)
  2 howler monkeys (D:4)
  2 hounds (D:4)
  A giant frog skeleton (D:4)
  3 worker ants
  9 adders
  2 oozes
  2 dart slugs
  4 giant geckos
  9 orcs
  4 giant cockroaches
  7 hobgoblins
  4 jackals (D:2)
  6 kobolds
  2 quokkas
  2 ball pythons
  4 bats
  3 giant newts
  11 goblins
  8 rats
88 creatures vanquished.

Vanquished Creatures (others)
  A jelly (D:2)
1 creature vanquished.

Grand Total: 89 creatures vanquished

Notes
Turn   | Place    | Note
--------------------------------------------------------------
     0 | D:1      | varam the Merfolk Transmuter began the quest for the Orb.
     0 | D:1      | Reached XP level 1. HP: 15/15 MP: 3/3
   141 | D:1      | Reached XP level 2. HP: 20/21 MP: 3/5
   174 | D:1      | Reached skill level 4 in Unarmed Combat
   687 | D:2      | Reached XP level 3. HP: 24/26 MP: 6/6
  1108 | D:2      | Found a bloodstained altar of Trog.
  1113 | D:2      | Learned a level 3 spell: Spider Form
  1244 | D:2      | Reached XP level 4. HP: 32/32 MP: 1/8
  1523 | D:2      | Found an oddly glowing altar of Pakellas.
  1523 | D:2      | Noticed an orange crystal statue
  1684 | D:3      | Reached skill level 1 in Poison Magic
  1903 | D:3      | Reached XP level 5. HP: 37/37 MP: 5/9
  1950 | D:3      | Found a radiant altar of Vehumet.
  2130 | D:3      | Found a blossoming altar of Fedhas.
  2151 | D:3      | Noticed an oklob plant
  3069 | D:4      | Noticed Dowan
  3092 | D:4      | Killed Dowan
  3092 | D:4      | Reached skill level 5 in Unarmed Combat
  3092 | D:4      | Reached XP level 6. HP: 21/43 MP: 7/10
  3290 | D:4      | Noticed Duvessa
  3304 | D:4      | HP: 1/43 [Duvessa/rapier (11)]
  3305 | D:4      | Killed Duvessa
  3305 | D:4      | Reached skill level 6 in Unarmed Combat
  3721 | D:4      | Found an iron altar of Okawaru.
  3729 | D:4      | Became a worshipper of Warmaster Okawaru
  3990 | D:4      | Learned a level 2 spell: Sticks to Snakes
  4039 | D:4      | Reached XP level 7. HP: 46/48 MP: 5/11
  4057 | D:4      | Reached skill level 7 in Unarmed Combat
  4265 | D:4      | Found a shadowy altar of Dithmenos.
  4736 | D:5      | Entered Level 5 of the Dungeon
  4824 | D:5      | Found Kuewnosi's Weapon Shop.
  4853 | D:5      | Got a pitted short sword
  4854 | D:5      | Identified the +9 short sword of Kikyodgh {venom, +Fly rPois rC+} (You found it on level 5 of the Dungeon)
  4938 | D:5      | Shot with an arrow by a centaur

Skill      XL: |  1  2  3  4  5  6  7 |
---------------+----------------------+-----
Unarmed Combat | 4 5 6 7 |  7.7
Transmutations | 3 4 |  4.0
Spellcasting   | 3 |  3.0
Poison Magic   | 2 |  2.5
Fighting       | |  1.1
Dodging        | |  2.6

Action                   |  1- 3 |  4- 6 |  7- 9 || total
-------------------------+-------+-------+-------++-------
Melee: Unarmed           |    89 |   154 |    27 ||   270
       Headbutt          |     7 |     5 |       ||    12
       Punch             |     2 |       |       ||     2
       Spear             |       |     7 |     8 ||    15
 Cast: Beastly Appendage |    19 |    14 |     1 ||    34
       Spider Form       |     4 |    16 |     6 ||    26
       Sticks to Snakes  |       |     2 |     2 ||     4
  Use: Scroll            |       |     7 |     1 ||     8
 Stab: Sleeping          |     2 |     1 |       ||     3
  Eat: Chunk             |     2 |     6 |       ||     8
       Bread ration      |       |     1 |       ||     1
       Meat ration       |       |     1 |       ||     1
Armor: Robe              |    16 |    18 |     1 ||    35
       Skin              |       |     6 |     2 ||     8
Dodge: Dodged            |    60 |   117 |    35 ||   212
